 Dungeon Crawl Stone Soup version 0.31-a0-700-gf13585253f (webtiles) character file.

Game seed: 14710910474735872722

28 Ofeo the Twirler (level 2, -6/23 HPs)
             Began as a Demonspawn Wanderer on Sept 8, 2023.
             Mangled by a worm (8 damage)
             ... on level 2 of the Dungeon.
             The game lasted 00:00:49 (1196 turns).

Ofeo the Twirler (Demonspawn Wanderer)              Turns: 1196, Time: 00:00:49

Health: -6/23      AC:  3    Str: 12    XL:     2   Next: 96%
Magic:  2/2        EV: 11    Int: 13    God:
Gold:   50         SH:  0    Dex: 12    Spells: 1/1 levels left

rFire   . . .        a - +2 quarterstaff
rCold   . . .        (shield currently unavailable)
rNeg    . . .        e - +0 robe
rPois   .            (no helmet)
rElec   .            (no cloak)
rCorr   .            c - +0 pair of gloves
SInv    .            (no boots)
Will    .....        (no amulet)
Stlth   +            (no ring)
HPRegen 0.23/turn    (no ring)
MPRegen 0.08/turn

%: no passive effects
@: no status effects
A: claws 1
a: no special abilities


You were on level 2 of the Dungeon.
You visited 1 branch of the dungeon, and saw 2 of its levels.

You collected 50 gold pieces.

Inventory:

Hand Weapons
 a - a +2 quarterstaff (weapon)
Armour
 c - a +0 pair of gloves (worn)
 e - a +0 robe (worn)
Jewellery
 g - an amulet of guardian spirit
Scrolls
 d - a scroll of identify {unknown}
Potions
 b - a potion of attraction
 f - a potion of brilliance {unknown}
 R - a potion of berserk rage


   Skills:
 + Level 2.8 Fighting
 - Level 3.6 Staves
 - Level 1.0 Armour
 - Level 1.0 Dodging
 - Level 2.7 Unarmed Combat


You had one spell level left.
You didn't know any spells.
Your spell library was empty.

Dungeon Overview and Level Annotations

Branches:
Dungeon (2/15)

Altars:
Dithmenos


Innate Abilities, Weirdness & Mutations

You have sharp fingernails.


Message History

You see here a +0 sling.
You now have 50 gold pieces (gained 12).
A worm comes into view.
Health restored: 23 A worm is nearby!
A worm is nearby!
A rat comes into view.
There are monsters nearby!
You hit the worm.
The worm is lightly wounded.
There are monsters nearby!
You barely miss the worm.
The worm is lightly wounded.
The worm bites you!
You take 8 damage, and have 15/23 hp.
MASSIVE DAMAGE!!
There are monsters nearby!
You hit the worm.
The worm is lightly wounded.
The rat bites you but does no damage. The worm bites you!
You take 6 damage, and have 9/23 hp.
MASSIVE DAMAGE!!
There are monsters nearby!
You are too injured to fight recklessly!
There are monsters nearby!
You are too injured to fight recklessly!
You are too injured to fight recklessly!
The rat barely misses you.
You sock the rat!
You kill the rat!
You see here a rat corpse.
You hit the worm.
The worm is lightly wounded.
The worm bites you!
* * * LOW HITPOINT WARNING * * *
You take 8 damage, and have 2/23 hp.
MASSIVE DAMAGE!!
You hit the worm.
The worm is moderately wounded.
You sock the worm!
The worm is almost dead.
The worm bites you!
You die...

### #.. #.#
#.. #.#
###.###.#####
............#
#w# #@# #.##
#..# ##.# #.#
#.# #.# #.#
#.#


You could see a worm.

Vanquished Creatures
  A dart slug (D:2)
  4 endoplasms
  3 giant cockroaches
  2 hobgoblins (D:1)
  3 quokkas
  A ball python (D:1)
  3 bats (D:1)
  3 frilled lizards (D:1)
  3 rats
23 creatures vanquished.

Notes
Turn   | Place    | Note
-------+----------+-------------------------------------------
     0 | D:1      | Ofeo the Demonspawn Wanderer began the quest for the Orb.
     0 | D:1      | Ofeo set off with the following items: a +2 quarterstaff, a
                  | potion of attraction, a +0 pair of gloves, a +0 robe, a
                  | potion of berserk rage.
     0 | D:1      | Reached XP level 1. HP: 15/15 MP: 1/1
   479 | D:1      | Gained mutation: You have sharp fingernails. [demonic
                  | ancestry]
   479 | D:1      | Reached XP level 2. HP: 21/22 MP: 2/2
  1075 | D:2      | Found a shadowy altar of Dithmenos.
  1196 | D:2      | Mangled by a worm

Illustrated notes

Levels and vault maps discovered:
D:1:      reono_arrival_forest_river, layout_loops_ring
D:2:      layout_loops_ring, basic_altar, feat_on_display

Skill      XL: |  1  2 |
---------------+-------+-----
Fighting       | 2 |  2.8
Staves         | |  3.6
Armour         | |  1.0
Dodging        | |  1.0
Unarmed Combat | |  2.7

Action                     || total
---------------------------++-------
  Melee: Quarterstaff      ||    56
    Use: Scroll            ||     1
   Stab: Sleeping          ||     1
 Armour: Robe              ||    35
  Dodge: Dodged            ||    23

Table legend: (Time is in decaauts)
 A = Elapsed time spent in this place.
 B = Non-inter-level travel time spent in this place.
 C = Inter-level travel time spent in this place.
 D = Time resting spent in this place.
 E = Time spent auto-exploring this place.
 F = Levels seen in this place.
 G = Mean time per level.
                   A        B        C        D        E       F      G
               +--------+--------+--------+--------+--------+-----+--------+
         Total |   1215 |   1193 |     22 |      0 |   1045 |   2 |  607.5 |
       Dungeon |   1215 |   1193 |     22 |      0 |   1045 |   2 |  607.5 |
               +--------+--------+--------+--------+--------+-----+--------+

Top non-repeatable levels by time:
     D:1: 934 daAuts
     D:2: 280 daAuts
